 Dungeon Crawl Stone Soup version 0.31-b1-18-g61460d1e46 (webtiles) character file.

Game seed: 9183356001394258547

92 Esekla the Sneak (level 4, -1/31 HPs)
             Began as an Octopode Delver on Jan 16, 2024.
             Slain by a scorpion (7 damage)
             ... on level 5 of the Dungeon.
             The game lasted 00:06:55 (599 turns).

Esekla the Sneak (Octopode Delver)                   Turns: 599, Time: 00:06:56

Health: -1/31      AC:  1    Str: 11    XL:     4   Next: 60%
Magic:  5/5        EV: 13    Int: 14    God:
Gold:   0          SH:  0    Dex: 13    Spells: 5/5 levels left

rFire   . . .        a - +0 falchion
rCold   . . .        (no shield)
rNeg    . . .        (helmet restricted)
rPois   .            (no amulet)
rElec   .            (no ring)
rCorr   .            (no ring)
SInv    .            (no ring)
Will    .....        (no ring)
Stlth   +++++        (no ring)
HPRegen 0.25/turn    (no ring)
MPRegen 0.09/turn    (no ring)
                     (no ring)

%: no passive effects
@: no status effects
A: almost no armour, amphibious, 8 rings, camouflage 1, gelatinous body 1,
(nimble swimmer 1), tentacles
a: no special abilities


You were on level 5 of the Dungeon.
You visited 2 branches of the dungeon, and saw 2 of its levels.

Inventory:

Hand Weapons
 a - a +0 falchion (weapon)
Wands
 f - a wand of digging (1)
Scrolls
 b - a scroll of fog


   Skills:
 * Level 3.4 Fighting
 * Level 2.6 Long Blades
 * Level 2.3 Dodging
 + Level 7.6 Stealth
 * Level 1.1 Spellcasting
 + Level 0.3 Evocations


You had 5 spell levels left.
You didn't know any spells.
Your spell library was empty.

Dungeon Overview and Level Annotations

Branches:
Dungeon (5/15)             Temple (1/1) D:5

Altars:
Ashenzari
Cheibriados
Dithmenos
Elyvilon
Fedhas
Gozag
Hepliaklqana
Kikubaaqudgha
Makhleb
Nemelex Xobeh
Okawaru
Qazlal
Ru
Sif Muna
Trog
Uskayaw
Wu Jian
Xom
Yredelemnul
Zin
The Shining One


Innate Abilities, Weirdness & Mutations

You cannot wear most types of armour.
You are amphibious.
You can wear up to eight rings at the same time.
Your skin changes colour to match your surroundings (Stealth+).
Your rubbery body absorbs attacks. (AC +1, EV +1)
((You are camouflaged when in or above water. (Stealth+)))
You have tentacles for arms and can constrict up to eight enemies at once.


Message History

There is a staircase back to the Dungeon here.
You climb upwards.
There is a staircase to the Ecumenical Temple here.
There is an open door here.
There is a staircase to the Ecumenical Temple here.
You start waiting.
A scorpion is nearby!
There is an open door here.
A gnoll comes into view. It is wielding a +0 whip.
The gnoll shouts!
You hear a shout!
You hear a bark!
You hit the gnoll but do no damage. Your grab misses the gnoll.
Your squeeze misses the gnoll. The gnoll hits you with a +0 whip.
You barely miss the gnoll. Your grab misses the gnoll.
The gnoll hits you with a +0 whip.
You hit the gnoll. You grab the gnoll.
The gnoll is lightly wounded.
You constrict the gnoll, but do no damage.
The gnoll hits you with a +0 whip.
You hit the gnoll.
The gnoll is lightly wounded.
You constrict the gnoll. The gnoll closely misses you.
The gnoll hits you with a +0 whip.
You hit the gnoll. You squeeze the gnoll.
The gnoll is severely wounded.
You constrict the gnoll. The gnoll hits you with a +0 whip.
* * * LOW HITPOINT WARNING * * *
The scorpion barely misses you.
Okay, then.
You aren't carrying any potions.
Unknown command.
You closely miss the scorpion. Your grab misses the scorpion.
You constrict the gnoll. The scorpion stings you.
* * * LOW HITPOINT WARNING * * *
The gnoll misses you.
You hit the scorpion but do no damage. You grab the scorpion.
You constrict the scorpion, but do no damage.
You constrict the gnoll.
You kill the gnoll!
The scorpion completely misses you. The scorpion stings you!
You die...

####'####.##....#
#......#####.#########*******
######## #......o..#,,,,,,,
#.#######.#,****** #.#
#.#,*## #.# #s#,#.# #.#
#.#..#**** #s# #l#.##...,
######@# #s.......,
##.....)#######o#.##.#.,
#...........g........#,*
#..##########.#.######,* #>o#
##.##...,,,,,* #..#
##l#######***** #..# ##o##
#.o# ##.## #..## ##.##


You could see a scorpion.

Vanquished Creatures
  A scorpion (Temple)
  An iguana (Temple)
  A gnoll (D:5)
  2 orcs
  A quokka (Temple)
6 creatures vanquished.

Notes
Turn   | Place    | Note
-------+----------+-------------------------------------------
     0 | D:5      | Esekla the Octopode Delver began the quest for the Orb.
     0 | D:5      | Reached XP level 1. HP: 16/16 MP: 1/1
    30 | D:5      | Noticed an orc priest
    33 | D:5      | Noticed an orc priest
    37 | D:5      | Noticed a scorpion
    39 | D:5      | Noticed an iguana
    51 | D:5      | Noticed a scorpion
    76 | D:5      | Found a staircase to the Ecumenical Temple.
    85 | Temple   | Entered the Ecumenical Temple
   392 | Temple   | Killed a scorpion
   393 | Temple   | Reached skill level 7 in Stealth
   393 | Temple   | Reached XP level 2. HP: 20/21 MP: 1/3
   393 | Temple   | Reached XP level 3. HP: 25/26 MP: 1/4
   393 | Temple   | Reached XP level 4. HP: 30/31 MP: 1/5
   466 | Temple   | Reached skill level 1 in Spellcasting
   599 | D:5      | Slain by a scorpion

Illustrated notes

Levels and vault maps discovered:
D:5:      layout_loops_ring, fiery_altar_vehumet, temple_green, uniq_grinder,
          uniq_eustachio
Temple:   nicolae_temple_bog_church

Skill      XL: |  1  2  3  4 |
---------------+-------------+-----
Stealth        | 7 |  7.6
Spellcasting   | 1 |  1.1
Fighting       | |  3.4
Long Blades    | |  2.6
Dodging        | |  2.3
Evocations     | |  0.3

Action                     |  1- 3 |  4- 6 || total
---------------------------+-------+-------++-------
  Melee: Falchion          |    13 |    13 ||    26
         Constrict         |     4 |     3 ||     7
         Tentacles         |     4 |     2 ||     6
         Punch             |     1 |       ||     1
  Evoke: Wand              |     2 |       ||     2
    Use: Scroll            |     2 |       ||     2
         Potion            |     1 |       ||     1
 Armour: Skin              |     9 |    12 ||    21
  Dodge: Dodged            |    11 |    12 ||    23
